 Dungeon Crawl Stone Soup version 0.30-a0-709-gcdc1b43e22 (webtiles) character file.

Game seed: 8057285474287313045

95 Azfaa the Grave Robber (level 4, 0/24 HPs)
             Began as a Deep Elf Necromancer on Jan 22, 2023.
             Succumbed to an adder's poison
             ... on level 3 of the Dungeon.
             The game lasted 00:20:31 (1846 turns).

Azfaa the Grave Robber (Deep Elf Necromancer)       Turns: 1846, Time: 00:20:32

Health: 0/24       AC:  4    Str:  5    XL:     4   Next: 40%
Magic:  10/12      EV: 12    Int: 22    God:
Gold:   134        SH:  0    Dex: 15    Spells: 1/11 levels left

rFire   . . .      SeeInvis .    j - +3 dagger
rCold   + . .      Faith    .    (no shield)
rNeg    . . .      Spirit   .    p - +2 robe "Museowie" {rC+}
rPois   .          Reflect  .    (no helmet)
rElec   .          Harm     .    (no cloak)
rCorr   .          Rampage  .    (no gloves)
Will    .....                    (no boots)
Stlth   ++                       (no amulet)
HPRegen 0.24/turn                (no ring)
MPRegen 0.13/turn                (no ring)

@: lethally poisoned (0 -> -8), hasted, very quick
A: no striking features
a: no special abilities


You were on level 3 of the Dungeon.
You visited 1 branch of the dungeon, and saw 3 of its levels.

You collected 134 gold pieces.

Inventory:

Hand Weapons
 c - a +0 hand axe
 e - a +0 whip
 h - a +0 dagger
 j - a +3 dagger (weapon)
 s - a +0 dagger
 t - a +0 dagger
 w - a +0 falchion
 x - a +0 flail
 y - a +0 dagger
Missiles
 d - 3 boomerangs
 f - 14 stones
Armour
 a - a +1 robe
 p - the +2 robe "Museowie" (worn) {rC+}
   (You found it on level 2 of the Dungeon)

   rC:        It protects you from cold.
 q - a +0 leather armour
 v - a +0 robe
Wands
 r - a wand of charming (14)
Scrolls
 i - a scroll of noise
 k - a scroll of immolation
 m - a scroll of blinking {unknown}
 n - a scroll of enchant armour
 o - a scroll of fear {unknown}
 u - a scroll of enchant weapon {unknown}
Potions
 b - 2 potions of magic
 g - 4 potions of curing


   Skills:
 + Level 0.1 Fighting
 * Level 1.4 Short Blades
 - Level 0.4 Axes
 + Level 2.4 Dodging
 + Level 2.6 Stealth
 + Level 4.4 Spellcasting
 * Level 5.6 Necromancy
 + Level 0.6 Translocations


You had one spell level left.
You knew the following spells:

 Your Spells              Type           Power      Damage    Failure   Level
a - Necrotise             Necr           100%       1d9       1%          1
b - Vampiric Draining     Necr           29%        2d8       3%          3
c - Blink                 Tloc           14%        N/A       12%         2
d - Animate Dead          Necr           29%        N/A       11%         4

Your spell library contained the following spells:

 Spells                   Type           Power      Damage    Failure   Level
 Lesser Beckoning         Tloc           14%        N/A       12%         2
 Momentum Strike          Conj/Tloc      12%        3d8       14%         2
 Agony                    Necr           29%        N/A       30%         5
 Inner Flame              Hex/Fire       4%         N/A       32%         3
 Tukima's Dance           Hex            4%         N/A       32%         3
 Passage of Golubria      Tloc           7%         N/A       63%         4
 Cause Fear               Hex            2%         N/A       71%         4
 Yara's Violent Unravell  Hex/Tmut       2%         3d3       96%         5
 Discord                  Hex            2%         N/A       100%        8


Dungeon Overview and Level Annotations

Branches:
Dungeon (3/15)

Altars:


Message History

You see here 6 gold pieces.
You now have 134 gold pieces (gained 6).
b - 2 potions of magic (gained 1)
There are no items here.
An adder comes into view.
Found a dagger.
The adder hisses angrily.
A centaur comes into view.
Hit: j) +3 dagger
Press: ? - help, Dir - move target, f - centaur
Aim: a centaur (wandering, hasn't noticed you, about 24% to evade your +3 dagger)
Your weapon can't reach that far!
Okay, then.
The adder bites you.
You are poisoned.
The adder poisons you!
Aiming: Necrotise (safe; 1% risk of failure)
Press: ? - help, Q - select action, (/) - cycle Shift-Dir - straight line, f - adder
Aim: an adder (chance to affect: 88%)
The adder writhes in agony.
You feel sick. The adder barely misses you.
The centaur hits you but does no damage.
The centaur closely misses you.
Aiming: Necrotise (safe; 1% risk of failure)
Press: ? - help, Q - select action, (/) - cycle Shift-Dir - straight line, f - centaur, p - adder
Aim: a centaur (chance to affect: 83%)
The centaur writhes in agony.
You feel sick. The adder bites you.
You are more poisoned.
The adder poisons you! The centaur hits you. The centaur barely misses you.
The centaur attacks as you move away! The centaur barely misses you.
The centaur kicks you but does no damage.
You feel very sick.
The centaur wields a +0 shortbow.
The centaur shoots an arrow.
The arrow barely misses you. The adder barely misses you. The adder bites you.
The centaur shoots an arrow.
The arrow hits you.
* * * LOW HITPOINT WARNING * * *
Okay, then.
You feel yourself speed up.
You die...

*,* *,,,,* ***,* ****,* *,,,*
*,*
*,*******##,*******###########
*,,,>,,,,,.,,,,,,,,...........
*##########.###############[#.
*.....r...#.#.c......,,,* #...
*.........#...S)..#****,* ##..
*.........###@###.# *,* #..
*.........# #.# *,* *,* #..
*.........###.# #.# *,* #..
*.........#...# #.# *,* ##.
*.............###.## *,#####.
*########.#...#....# *.......
#.#####....# *####### #.#
#....# #.#####....#### ###


You could see a centaur and an adder.

Vanquished Creatures
  3 adders (D:2)
  3 worms (D:2)
  3 dart slugs
  An orc (D:3)
  3 ball pythons (D:1)
  6 endoplasms
  3 giant cockroaches
  3 goblins
  6 hobgoblins
  2 jackals (D:1)
  2 kobolds
  A quokka (D:1)
  4 bats (D:1)
  2 frilled lizards
  8 rats
50 creatures vanquished.

Vanquished Creatures (collateral kills)
  A giant cockroach (D:1)
  A quokka (D:1)
2 creatures vanquished.

Grand Total: 52 creatures vanquished

Notes
Turn   | Place    | Note
-------+----------+-------------------------------------------
     0 | D:1      | Azfaa the Deep Elf Necromancer began the quest for the Orb.
     0 | D:1      | Reached XP level 1. HP: 10/10 MP: 6/6
    70 | D:1      | Reached skill level 5 in Necromancy
   116 | D:1      | Reached XP level 2. HP: 15/15 MP: 0/8
   393 | D:1      | Reached XP level 3. HP: 9/19 MP: 10/10
   471 | D:1      | Learned a level 3 spell: Vampiric Draining
   474 | D:1      | Learned a level 2 spell: Blink
   867 | D:2      | Identified the +2 robe "Museowie" {rC+}
  1131 | D:2      | Reached XP level 4. HP: 11/24 MP: 8/12
  1137 | D:2      | Learned a level 4 spell: Animate Dead
  1462 | D:2      | Reached skill level 1 in Short Blades
  1841 | D:3      | Noticed a centaur
  1846 | D:3      | Succumbed to an adder's poison

Illustrated notes

Levels and vault maps discovered:
D:1:      lemuel_arrival_broad_hall, layout_loops_ring
D:2:      layout_basic, uniq_crazy_yiuf_cottage
D:3:      layout_basic

Skill      XL: |  1  2  3  4 |
---------------+-------------+-----
Necromancy     | 5 |  5.6
Spellcasting   | 4 |  4.4
Short Blades   | 1 |  1.4
Fighting       | |  0.1
Axes           | |  0.4
Dodging        | |  2.4
Stealth        | |  2.6
Translocations | |  0.6

Action                     |  1- 3 |  4- 6 || total
---------------------------+-------+-------++-------
  Melee: Unarmed           |    16 |       ||    16
         Whip              |    13 |       ||    13
         Dagger            |    28 |    24 ||    52
         Hand axe          |     6 |       ||     6
   Cast: Necrotise         |    50 |     4 ||    54
         Blink             |     3 |     1 ||     4
         Animate Dead      |       |     3 ||     3
         Vampiric Draining |       |     3 ||     3
    Use: Scroll            |     6 |     2 ||     8
         Potion            |       |     1 ||     1
   Stab: Sleeping          |     2 |     2 ||     4
 Armour: Robe              |     7 |     9 ||    16
  Dodge: Dodged            |    47 |    25 ||    72

Table legend: (Time is in decaauts)
 A = Elapsed time spent in this place.
 B = Non-inter-level travel time spent in this place.
 C = Inter-level travel time spent in this place.
 D = Time resting spent in this place.
 E = Time spent auto-exploring this place.
 F = Levels seen in this place.
 G = Mean time per level.
                   A        B        C        D        E       F      G
               +--------+--------+--------+--------+--------+-----+--------+
         Total |   1845 |   1845 |      0 |    213 |      0 |   3 |  615.0 |
       Dungeon |   1845 |   1845 |      0 |    213 |      0 |   3 |  615.0 |
               +--------+--------+--------+--------+--------+-----+--------+

Top non-repeatable levels by time:
     D:2: 820 daAuts
     D:1: 723 daAuts
     D:3: 301 daAuts
